AoeStats
← AxingQuestions

Hill Fort

504610917Analyzed
4v4 RM · 26d ago on Sep 5, 2026· 49m 13s· 8 players
Game mode
Random Map
Map size
Large (8 player)
Population
200
Speed
Normal
Resources
Standard
Victory
Conquest
Starting age
Dark Age
Ending age
Imperial Age
RankedLock teamsTeams togetherTeam positionsShared explorationLock speedFull tech treeHidden civsTurbo modeCheats
Victory
Defeat
🇨🇭 Vikings · Switzerland
1257
+14
🇺🇸 Khitans · United States
1220
+15
🇺🇸 Berbers · United States
1217
+16
🇲🇽 Portuguese · Mexico
1211
+16
🇦🇷 Goths · Argentina
1407
-24
🇦🇷 Mongols · Argentina
1263
-17
🇦🇷 Persians · Argentina
1102
-11
🇦🇷 Magyars · Argentina
1061
-9
RedKing
10:18 Feudal Age
12:03 Double-Bit Axe
16:08 Loom
19:38 Castle Age
18:05 Fletching
18:26 Padded Archer Armor
19:39 Crossbowman
20:15 Bodkin Arrow
21:03 Thumb Ring
23:14 Ballistics
25:23 Bow Saw
25:04 Gold Mining
24:56 Horse Collar
25:55 Leather Archer Armor
32:12 Husbandry
34:10 Wheelbarrow
34:13 Town Watch
35:42 Hand Cart
40:53 Imperial Age
38:39 Bloodlines
38:49 Forging
38:49 Caravan
39:24 Stone Mining
41:36 Bracer
42:06 Ring Archer Armor
41:01 Arbalester
41:50 Heavy Plow
43:50 Chemistry
44:25 Two-Man Saw
43:38 Murder Holes
44:41 Conscription
45:12 Town Patrol
47:01 Crop Rotation
Bane Daughter of Chaos
9:30 Loom
11:27 Feudal Age
12:07 Double-Bit Axe
13:37 Domestication
18:56 Castle Age
17:35 Forging
17:33 Gold Mining
19:02 Scale Barding Armor
19:02 Stone Mining
24:39 Iron Casting
26:34 Husbandry
27:53 Chain Barding Armor
28:36 Wheelbarrow
28:18 Pastoralism
29:27 Hand Cart
29:39 Hand Cart
36:53 Imperial Age
37:32 Scale Mail Armor
37:23 Fletching
37:33 Padded Archer Armor
37:19 Town Watch
37:46 Masonry
38:37 Chemistry
37:18 Treadmill Crane
37:43 Siege Engineers
37:59 Ballistics
38:00 Caravan
38:14 Guilds
37:42 Heavy Camel Rider
39:16 Plate Barding Armor
39:20 Transhumance
39:04 Bow Saw
39:31 Elite Steppe Lancer
41:39 Ordo Cavalry
42:49 Conscription
43:19 Fortified Wall
43:01 Light Cavalry
44:11 Chain Mail Armor
43:51 Bodkin Arrow
43:20 Pikeman
44:01 Squires
43:46 Arson
46:51 Hussar
48:29 Capped Ram
AxingQuestions
10:51 Feudal Age
11:33 Loom
12:16 Double-Bit Axe
12:14 Horse Collar
16:27 Wheelbarrow
20:04 Castle Age
18:16 Gold Mining
19:41 Bloodlines
19:42 Town Watch
21:48 Bow Saw
22:12 Heavy Plow
22:46 Husbandry
25:24 Gold Shaft Mining
26:41 Scale Barding Armor
28:14 Forging
28:53 Hand Cart
29:25 Kasbah
30:30 Fletching
32:13 Stone Mining
33:25 Bodkin Arrow
33:53 Chain Barding Armor
36:04 Imperial Age
34:18 Iron Casting
35:28 Padded Archer Armor
37:11 Conscription
36:54 Maghrebi Camels
36:52 Heavy Camel Rider
38:09 Plate Barding Armor
38:35 Blast Furnace
37:37 Bracer
39:49 Ballistics
40:30 Chemistry
39:27 Murder Holes
40:12 Hoardings
40:12 Elite Camel Archer
43:27 Crop Rotation
43:02 Caravan
44:24 Town Patrol
Lecter-
0:27 Loom
12:00 Feudal Age
12:38 Double-Bit Axe
12:36 Horse Collar
12:48 Gold Mining
12:49 Stone Mining
20:42 Castle Age
19:58 Forging
19:48 Scale Mail Armor
21:49 Bow Saw
21:41 Heavy Plow
22:19 Gold Shaft Mining
32:22 Imperial Age
30:15 Squires
31:46 Man-at-Arms
32:30 Chieftains
32:49 Chain Mail Armor
33:46 Iron Casting
32:33 Long Swordsman
33:00 Arson
33:02 Gambesons
33:18 Two-Handed Swordsman
34:20 Conscription
34:32 Plate Mail Armor
34:21 Champion
49:12 Blast Furnace
fconci
7:00 Loom
8:48 Feudal Age
10:10 Double-Bit Axe
10:23 Horse Collar
13:25 Wheelbarrow
16:56 Castle Age
15:51 Fletching
16:32 Loom
17:35 Bodkin Arrow
19:15 Bow Saw
24:08 Padded Archer Armor
25:09 Ballistics
25:29 Leather Archer Armor
26:21 Bloodlines
28:10 Town Watch
35:21 Imperial Age
35:25 Hand Cart
36:19 Bracer
35:54 Elite Mangudai
37:53 Chemistry
37:07 Husbandry
38:18 Hand Cart
38:23 Heavy Plow
43:03 Gold Mining
Rosamonte
12:44 Feudal Age
12:34 Loom
13:24 Double-Bit Axe
13:39 Horse Collar
17:52 Castle Age
16:36 Gold Mining
19:03 Heavy Plow
20:45 Bow Saw
21:06 Stone Mining
21:57 Wheelbarrow
24:56 Forging
25:36 Anarchy
26:02 Scale Mail Armor
27:40 Squires
29:23 Hand Cart
28:58 Town Watch
28:58 Pikeman
40:01 Imperial Age
39:39 Man-at-Arms
40:07 Halberdier
41:10 Conscription
41:15 Long Swordsman
42:04 Perfusion
42:02 Two-Handed Swordsman
45:21 Champion
Diego
5:33 Loom
12:26 Feudal Age
12:54 Double-Bit Axe
13:40 Horse Collar
21:55 Castle Age
20:20 Scale Barding Armor
21:22 Wheelbarrow
25:10 Chain Barding Armor
24:50 Scale Mail Armor
26:13 Husbandry
29:08 Corvinian Army
32:30 Chain Mail Armor
33:55 Bow Saw
35:16 Heavy Plow
36:50 Hand Cart
36:21 Town Watch
44:22 Imperial Age
43:20 Light Cavalry
44:11 Bloodlines
45:34 Cavalier
elgarrote
6:06 Loom
10:33 Feudal Age
12:28 Double-Bit Axe
13:25 Horse Collar
20:02 Castle Age
19:12 Scale Barding Armor
19:24 Bloodlines
20:00 Forging
20:58 Heavy Plow
22:06 Husbandry
22:35 Chain Barding Armor
36:31 Iron Casting
38:28 Husbandry
39:21 Wheelbarrow
40:59 Hand Cart
45:01 Imperial Age
44:48 Heavy Camel Rider
47:21 Plate Barding Armor
47:47 Blast Furnace
Connection lost

Rejoining the realm…

Still unreachable

The connection could not be restored.

Session expired

The server has moved on; the page needs a fresh start.